 Dungeon Sprint DCSS version 0.31.0-32-g396128a36d (webtiles) character file.

Game seed: 11313316148624917079

4482 Groucho the Geomancer (level 10, -9/58 (59) HPs)
             Began as a Deep Elf Earth Elementalist on Mar 9, 2024.
             Was a High Priest of Sif Muna.
             Mangled by a sixfirhy (10 damage)
             ... summoned by a kobold demonologist
             ... in the Dungeon (Sprint VII: "The Pits").
             The game lasted 00:11:20 (4695 turns).

Groucho the Geomancer (Deep Elf Earth Elementalist) Turns: 4695, Time: 00:11:22

HP:   -9/58 (59)    AC: 10    Str:  8    XL:     10   Next: 16%
MP:   16/27         EV: 12    Int: 28    God:    Sif Muna [*****.]
Gold: 0             SH:  0    Dex: 15    Spells: 14/31 levels left

rFire   . . .        m - +2 dagger (drain)
rCold   . . .        (no shield)
rNeg    . . .        t - +5 ring mail
rPois   .            (no helmet)
rElec   .            (no cloak)
rCorr   .            (no gloves)
SInv    .            (no boots)
Will    +....        (no amulet)
Stlth   +++          g - +3 ring of strength
HPRegen 0.29/turn    p - +3 ring of intelligence
MPRegen 0.20/turn

%: no teleportation
@: lightly drained
A: no striking features
a: Renounce Religion, Channel Magic, Forget Spell, Divine Exegesis


You were in the Dungeon.
You worshipped Sif Muna.
Sif Muna was extremely pleased with you.
You visited 1 branch

Inventory:

Hand Weapons
 h - a +2 dagger
 m - a +2 dagger of draining (weapon)
 s - a +2 rapier of venom
Armour
 a - a +0 kite shield of protection
 o - a +1 robe of fire resistance
 t - a +5 ring mail (worn)
Jewellery
 g - a +3 ring of strength (left hand)
 p - a +3 ring of intelligence (right hand)
Wands
 n - a wand of polymorph (8)
Scrolls
 j - 2 scrolls of vulnerability
 k - 5 scrolls of amnesia
 l - a scroll of butterflies
Potions
 b - 5 potions of magic
 c - 6 potions of curing
 d - 6 potions of heal wounds
 e - a potion of haste
 f - 5 potions of berserk rage
 i - 2 potions of invisibility
 q - 2 potions of might
 r - 2 potions of mutation


   Skills:
 - Level 5.0 Fighting
 - Level 5.0 Short Blades
 + Level 3.3 Armour
 + Level 5.6 Dodging
 - Level 7.0 Stealth
 + Level 3.3 Shields
 + Level 11.0 Spellcasting
 * Level 12.6 Conjurations
 * Level 12.8 Earth Magic
 + Level 8.5 Alchemy
 + Level 8.5 Invocations


You had 14 spell levels left.
You knew the following spells:

 Your Spells              Type           Power      Damage    Failure   Level
a - Sandblast             Erth           100%       2d20      1%          1
b - Stone Arrow           Conj/Erth      100%       3d13      1%          3
c - Petrify               Alch/Erth      66%        N/A       1%          4
d - Leda's Liquefaction   Alch/Erth      33%        N/A       1%          4
e - Irradiate             Conj/Alch      32%        3d22      3%          5

Your spell library contained the following spells:

 Spells                   Type           Power      Damage    Failure   Level
 Foxfire                  Conj/Fire      100%       2x1d9     1%          1
 Magic Dart               Conj           100%       1d8       1%          1
 Sting                    Conj/Alch      100%       1d9       1%          1
 Mephitic Cloud           Conj/Alch/Air  53%        N/A       1%          3
 Passwall                 Erth           72%        N/A       1%          3
 Brom's Barrelling Bould  Conj/Erth      72%        2d9       1%          4
 Hailstorm                Conj/Ice       50%        3d10      2%          3
 Animate Armour           Summ/Erth      100%       N/A       8%          4
 Lehudib's Crystal Spear  Conj/Erth      36%        10d9      98%         8


Dungeon Overview and Level Annotations

Branches:
Dungeon (1/1)

Altars:
Ashenzari
Cheibriados
Dithmenos
Elyvilon
Fedhas
Gozag
Hepliaklqana
Kikubaaqudgha
Makhleb
Nemelex Xobeh
Okawaru
Qazlal
Ru
Sif Muna
Trog
Uskayaw
Vehumet
Wu Jian
Xom
Yredelemnul
Zin
The Shining One
Jiyva
Lugonu


Message History

The kobold demonologist mumbles some strange words.
The wight hits you with a +2 long sword.
You feel drained.
Unknown command.
Unknown command.
Unknown command.
Casting: Petrify (dangerous; 1% risk of failure)
Confirm with . or Enter, or press ? or * to list all spells.
Aiming: Petrify (dangerous; 1% risk of failure)
Press: ? - help, Shift-Dir - straight line, f/p - wight
Aim: a wight, wielding a +2 long sword and wearing a +0 robe (chance to affect: 78%)
The wight is moving more slowly.
The efreet is moving more slowly.
A wight opens the door.
Unknown command.
Unknown command.
Unknown command.
Casting: Petrify (dangerous; 1% risk of failure)
Confirm with . or Enter, or press ? or * to list all spells.
Aiming: Petrify (dangerous; 1% risk of failure)
Press: ? - help, Shift-Dir - straight line, f/p - wight
Aim: a wight, wielding a +2 long sword and wearing a +0 robe (petrifying slowly, chance to affect: 78%)
The sixfirhy is moving more slowly.
The kobold demonologist resists with significant effort.
The sixfirhy hits you but does no damage. x2
The sixfirhy closely misses you. The sixfirhy hits you.
The sixfirhy shocks you!
A wight breaks down the door.
Unknown command.
Unknown command.
The sixfirhy attacks as it pursues you! The sixfirhy barely misses you.
Things that are here:
a +1 spear; a +0 animal skin The wight stops moving altogether!
There is an open door, spattered with blood here.
The sixfirhy attacks as it pursues you! The sixfirhy hits you!
The sixfirhy shocks you! The sixfirhy hits you. The sixfirhy shocks you!
* * * LOW HITPOINT WARNING * * *
The sixfirhy hits you!
* * * LOW HITPOINT WARNING * * *
The sixfirhy shocks you!
You die...

...........#
.#..#......#
...........+
.).........+
.#..#......#
...).......#
####''###### ..##''#
######## ..##..##
##.@3...# ..##...##
##..##)..#
..###...##+##..###...+
..# ##.)........##.z.#
..###..###+###...##'##
..##..##.....##..#KzR
####..'.......+..z.z.z
####.)##.....##..#...#.
[.###..###'###...##'##..


You could see a sixfirhy (summoned, petrifying).

Vanquished Creatures
  Pikel (D)
  A phantasmal warrior (D)
  An orc sorcerer (D)
  2 orange demons (D)
  An efreet (D)
  A komodo dragon (D)
  An unseen horror (D)
  A guardian mummy (D)
  A glass eye (D)
  2 basilisks (D)
  Grum (D)
  A steam dragon (D)
  2 water moccasins (D)
  An acid dragon (D)
  An orc warrior (D)
  2 wolves (D)
  A phantom (D)
  2 lemures (D)
  A centaur (D)
  A necrophage (D)
  A gnoll sergeant (D)
  An orc priest (D)
  3 gnolls (D)
  2 river rats (D)
  An ufetubus (D)
  A ribbon worm (D)
  7 orcs (D)
  An endoplasm (D)
  2 giant cockroaches (D)
  2 quokkas (D)
  A ball python skeleton (D)
  A giant cockroach zombie (D)
  A kobold (D)
49 creatures vanquished.

Vanquished Creatures (others)
  A gnoll (D)
1 creature vanquished.

Grand Total: 50 creatures vanquished

Notes
Turn   | Place    | Note
-------+----------+-------------------------------------------
     0 | D        | Groucho the Deep Elf Earth Elementalist began the quest for
                  | the Orb.
     0 | D        | Reached XP level 1. HP: 10/10 MP: 6/6
    40 | D        | Found a glowing golden altar of the Shining One.
    40 | D        | Found a glowing silver altar of Zin.
    40 | D        | Found a basalt altar of Yredelemnul.
    40 | D        | Found a shimmering altar of Xom.
    40 | D        | Found an ornate altar of the Wu Jian Council.
    40 | D        | Found a bloodstained altar of Trog.
    40 | D        | Found a shimmering blue altar of Sif Muna.
    40 | D        | Found a sacrificial altar of Ru.
    40 | D        | Found a stormy altar of Qazlal.
    40 | D        | Found an iron altar of Okawaru.
    40 | D        | Found a sparkling altar of Nemelex Xobeh.
    40 | D        | Found a burning altar of Makhleb.
    40 | D        | Found a viscous altar of Jiyva.
    40 | D        | Found a hazy altar of Hepliaklqana.
    40 | D        | Found an opulent altar of Gozag.
    40 | D        | Found a blossoming altar of Fedhas.
    40 | D        | Found a white marble altar of Elyvilon.
    40 | D        | Found a shadowy altar of Dithmenos.
    40 | D        | Found a snail-covered altar of Cheibriados.
    41 | D        | Found a radiant altar of Vehumet.
    41 | D        | Found a corrupted altar of Lugonu.
    42 | D        | Found an ancient bone altar of Kikubaaqudgha.
    42 | D        | Found a hide-covered altar of Uskayaw.
    42 | D        | Found a broken altar of Ashenzari.
    43 | D        | Became a worshipper of Sif Muna the Loreminder
    60 | D        | Reached XP level 2. HP: 15/15 MP: 4/8
   400 | D        | Noticed a glass eye
   409 | D        | Killed a glass eye
   409 | D        | Reached * piety under Sif Muna
   410 | D        | Reached skill level 5 in Spellcasting
   410 | D        | Reached skill level 5 in Conjurations
   410 | D        | Reached XP level 3. HP: 22/22 MP: 0/12
   410 | D        | Reached XP level 4. HP: 27/27 MP: 0/13
   410 | D        | Reached XP level 5. HP: 31/31 MP: 0/15
   886 | D        | Learned a level 3 spell: Stone Arrow
   891 | D        | Learned a level 4 spell: Petrify
   900 | D        | Reached ** piety under Sif Muna
   902 | D        | Noticed a water moccasin
   904 | D        | Killed a water moccasin
   905 | D        | Reached skill level 5 in Stealth
   905 | D        | Reached XP level 6. HP: 36/36 MP: 12/17
   957 | D        | Noticed Pikel
   988 | D        | Reached *** piety under Sif Muna
  1020 | D        | Noticed an orc warrior
  1024 | D        | Killed an orc warrior
  1412 | D        | Reached **** piety under Sif Muna
  1502 | D        | Killed Pikel
  1503 | D        | Reached skill level 5 in Short Blades
  1503 | D        | Reached skill level 5 in Alchemy
  1503 | D        | Reached skill level 5 in Invocations
  1503 | D        | Reached XP level 7. HP: 43/43 MP: 5/20
  1894 | D        | Noticed a guardian mummy
  1897 | D        | Killed a guardian mummy
  1897 | D        | Reached ***** piety under Sif Muna
  1898 | D        | Reached skill level 10 in Earth Magic
  1898 | D        | Reached XP level 8. HP: 39/48 MP: 12/22
  2500 | D        | Noticed an orc sorcerer
  2507 | D        | Noticed a hellwing
  2509 | D        | Reached skill level 10 in Conjurations
  2517 | D        | Noticed an orange demon
  3067 | D        | Killed an orc sorcerer
  3067 | D        | Received a gift from Sif Muna
  3068 | D        | Reached skill level 5 in Fighting
  3068 | D        | Got Sif Muna's Codex of Conjured Anemomancy {god gift}
  3339 | D        | Reached XP level 9. HP: 54/54 MP: 17/24
  3690 | D        | Noticed a phantasmal warrior
  3691 | D        | Reached skill level 1 in Armour
  3691 | D        | Reached skill level 1 in Shields
  3710 | D        | Killed a phantasmal warrior
  3711 | D        | Reached skill level 10 in Spellcasting
  3717 | D        | Received a gift from Sif Muna
  3718 | D        | Got Sif Muna's Catalogue of Gritty Virulence {god gift}
  3724 | D        | Learned a level 4 spell: Leda's Liquefaction
  3730 | D        | Learned a level 5 spell: Irradiate
  3740 | D        | Noticed an orange demon
  3746 | D        | Killed an orange demon
  3749 | D        | Killed an unseen horror
  4042 | D        | Noticed an efreet
  4047 | D        | Killed an efreet
  4050 | D        | Noticed an orange demon
  4057 | D        | Killed an orange demon
  4057 | D        | Received a gift from Sif Muna
  4058 | D        | Reached skill level 5 in Dodging
  4228 | D        | Reached XP level 10. HP: 59/59 MP: 19/26
  4238 | D        | Noticed Grum
  4264 | D        | Killed Grum
  4689 | D        | Noticed a sixfirhy
  4695 | D        | HP: 1/58 [sixfirhy[a kobold demonologist] (11)]
  4695 | D        | Mangled by a sixfirhy

Illustrated notes

Levels and vault maps discovered:
D:        pitsprint [storerooms_1, entrance_room_1, metal_vault_5, armoury_3,
          mini_pit_1, grid_room_1, main_hall_1, silver_pit, the_coven_1,
          the_vestibule_1, steel_vault_1, golden_pit, hallway_of_sentries,
          crystal_vault_3, iron_vault_2, final_vault]

Skill      XL: |  1  2  3  4  5  6  7  8  9 10 |
---------------+-------------------------------+-----
Conjurations   | 3 5 6 9 11 12 | 12.6
Earth Magic    | 4 6 7 9 10 11 12 | 12.8
Fighting       | 2 4 5 |  5.0
Short Blades   | 2 3 5 |  5.0
Stealth        | 4 5 7 |  7.0
Spellcasting   | 5 6 8 9 10 11 | 11.0
Alchemy        | 3 4 5 6 7 8 |  8.5
Invocations    | 3 4 5 6 7 8 |  8.5
Dodging        | 5 |  5.6
Armour         | 2 3 |  3.3
Shields        | 3 |  3.3

Action                     |  1- 3 |  4- 6 |  7- 9 | 10-12 || total
---------------------------+-------+-------+-------+-------++-------
  Melee: Dagger            |       |     1 |     1 |    20 ||    22
   Cast: Sandblast         |    15 |     6 |       |       ||    21
         Stone Arrow       |       |    23 |    57 |     5 ||    85
         Petrify           |       |     1 |     4 |     5 ||    10
         Leda's Liquefacti |       |       |     1 |       ||     1
         Irradiate         |       |       |     1 |       ||     1
 Invoke: Channel Magic     |       |     1 |     4 |       ||     5
    Use: Potion            |       |       |     5 |       ||     5
         Scroll            |       |       |     1 |       ||     1
   Stab: Petrified         |       |     1 |     1 |     2 ||     4
         Petrifying        |       |       |       |     2 ||     2
 Armour: Robe              |     1 |     2 |    24 |       ||    27
         Ring mail         |       |       |    10 |    16 ||    26
  Dodge: Dodged            |     4 |     1 |    23 |    18 ||    46
